 Dungeon Crawl Stone Soup version 0.29-a0-378-gc08b2e8bf8 (webtiles) character file.

Game seed: 4966600461354550367

20 KateP the Poker (level 2, 0/23 HPs)
             Began as a Merfolk Gladiator on May 5, 2022.
             Hit by a goblin thrown by Robin (3 damage)
             ... on level 2 of the Dungeon.
             The game lasted 00:00:40 (744 turns).

KateP the Poker (Merfolk Gladiator)                  Turns: 744, Time: 00:00:40

Health: 0/23       AC:  4    Str: 14    XL:     2   Next: 79%
Magic:  2/2        EV: 13    Int:  7    God:
Gold:   39         SH:  0    Dex: 15    Spells: 1/1 levels left

rFire   . . .      SeeInvis .   a - +0 trident
rCold   . . .      Faith    .   (no shield)
rNeg    . . .      Spirit   .   b - +0 leather armour
rPois   .          Reflect  .   c - +0 helmet
rElec   .          Harm     .   (no cloak)
rCorr   .          Rampage  .   (no gloves)
Will    .....                   (no boots)
Stlth   +.........              (no amulet)
HPRegen 0.07/turn               (no ring)
MPRegen 0.08/turn               (no ring)

@: no status effects
A: (nimble swimmer 2), mertail
a: no special abilities


You were on level 2 of the Dungeon.
You visited 1 branch of the dungeon, and saw 2 of its levels.

You collected 39 gold pieces.

Inventory:

Hand Weapons
 a - a +0 trident (weapon)
Missiles
 d - 3 throwing nets (quivered)
 e - a javelin
Armour
 b - a +0 leather armour (worn)
 c - a +0 helmet (worn)
Scrolls
 f - 2 scrolls of identify {unknown}
 h - a scroll of teleportation {unknown}
 i - a scroll of blinking {unknown}
Potions
 g - a potion of might {unknown}


   Skills:
 + Level 2.5 Fighting
 * Level 4.7 Polearms
 - Level 2.0 Throwing
 + Level 4.3 Dodging


You had one spell level left.
You didn't know any spells.
Your spell library contained the following spells:

 Spells                   Type           Power      Damage    Failure   Level
 Ozocubu's Armour         Ice            0%         N/A       87%         3
 Ozocubu's Refrigeration  Ice            0%         4d5       100%        7


Dungeon Overview and Level Annotations

Branches:
Dungeon (2/15)

Altars:

Annotations:
D:2 Robin


Innate Abilities, Weirdness & Mutations

((You are very nimble when in or above water. (Stealth+, EV+, Speed+++)))
Your lower body shifts to a powerful aquatic tail in water.


Message History

The goblin barely misses you.
You hear a shout!
There are monsters nearby!
You closely miss the goblin.
You hear an angry hiss.
You hear a shout! x2
The goblin hits you with a +0 club. The goblin hits you but does no damage.
You hear a shout! x2
You hit the goblin.
The goblin is heavily wounded.
You hear a shout!
The goblin hits you but does no damage. The goblin hits you with a +0 dagger.
The goblin closely misses you.
You puncture the goblin!
You kill the goblin!
The goblin closely misses you. The goblin misses you.
The goblin hits you with a +0 dagger.
You puncture the goblin!
You kill the goblin!
The goblin hits you with a +0 dagger. The goblin barely misses you.
A goblin comes into view. It is wielding a +0 club.
The goblin barely misses you.
You are too injured to fight recklessly!
You are too injured to fight recklessly!
You are too injured to fight recklessly!
Robin throws the goblin at you!
The goblin hits you but does no damage. x2
A goblin comes into view. It is wielding a +0 club.
The goblin hits you with a +0 dagger. The goblin hits you with a +0 dagger.
The goblin closely misses you.
There is a stone staircase leading up here.
The goblin attacks as you move away! The goblin barely misses you. x2
You are too injured to fight recklessly!
You are too injured to fight recklessly!
You are too injured to fight recklessly!
You are too injured to fight recklessly!
The goblin attacks as you move away! The goblin hits you with a +0 dagger.
* * * LOW HITPOINT WARNING * * *
A ball python comes into view.
The ball python hisses angrily.
You hear a shout!
Robin throws the goblin at you!
You die...

. ..### ###
S....####..
....#...#####
...........
#..g......
#.@.......
#.#######g........
....g.)g.g........
...g..............
.#...#####...#..##
#.. ###.!..# #.
.....# .. ...... #
.....


You could see Robin, 3 goblins and a ball python.

Vanquished Creatures
  2 bats (D:1)
  An endoplasm (D:1)
  3 goblins
  3 hobgoblins (D:1)
  A frilled lizard (D:1)
  4 kobolds (D:1)
  5 rats (D:1)
19 creatures vanquished.

Notes
Turn   | Place    | Note
-------+----------+-------------------------------------------
     0 | D:1      | KateP the Merfolk Gladiator began the quest for the Orb.
     0 | D:1      | Reached XP level 1. HP: 16/16 MP: 1/1
    42 | D:1      | Found a faded altar of an unknown god.
   131 | D:1      | Reached XP level 2. HP: 21/23 MP: 2/2
   734 | D:2      | Noticed Robin
   744 | D:2      | Hit by a goblin thrown by Robin

Illustrated notes

Levels and vault maps discovered:
D:1:      onia_arrival_pentagram, layout_basic,
          chequers_ecumenical_altar_simple_redux
D:2:      layout_rooms, uniq_robin, uniq_crazy_yiuf_cottage

Action                   || total
-------------------------++-------
Melee: Trident           ||    51
 Stab: Sleeping          ||     1
Armor: Leather armour    ||    17
Dodge: Dodged            ||    32

Table legend: (Time is in decaauts)
 A = Elapsed time spent in this place.
 B = Non-inter-level travel time spent in this place.
 C = Inter-level travel time spent in this place.
 D = Time resting spent in this place.
 E = Time spent auto-exploring this place.
 F = Levels seen in this place.
 G = Mean time per level.
                   A        B        C        D        E       F      G
               +--------+--------+--------+--------+--------+-----+--------+
         Total |    744 |    744 |      0 |      0 |    613 |   2 |  372.0 |
       Dungeon |    744 |    744 |      0 |      0 |    613 |   2 |  372.0 |
               +--------+--------+--------+--------+--------+-----+--------+

Top non-repeatable levels by time:
     D:1: 733 daAuts
     D:2: 10 daAuts
